Selects Airborne Battlegroup
Selects Heavy Machine Gun Paradrop
Heavy Machine Gun Paradrop
Heavy Machine Gun Paradrop
Heavy Machine Gun Paradrop
Selects Paradrop Reinforcements
Selects Paratrooper Squad Paradrop
Paratrooper Squad Paradrop
Selects Dual P-47 Rocket Strike
Selects Anti-tank Gun Team Paradrop
Selects Carpet Bombing Run
Paratrooper Squad Paradrop
Selects Anti-tank Gun Team Paradrop
Anti-tank Gun Team Paradrop